AoeStats
← Fgjk1256

Arabia

503423915Analyzed
1v1 RM · 1mo ago on Aug 31, 2026· 39m 51s· 2 players
Game mode
Random Map
Map size
Tiny (2 player)
Population
200
Speed
Normal
Resources
Standard
Victory
Conquest
Starting age
Dark Age
Ending age
Imperial Age
RankedLock teamsTeams togetherTeam positionsShared explorationLock speedFull tech treeHidden civsTurbo modeCheats
Victory
Defeat
853
+15
🇮🇪 Spanish · Ireland
837
-15
Fgjk1256
8:08 Loom
10:21 Feudal Age
11:57 Double-Bit Axe
14:31 Bloodlines
24:09 Castle Age
24:29 Pikeman
25:10 Squires
25:52 Bow Saw
31:17 Horse Collar
36:39 Scale Barding Armor
36:45 Forging
36:39 Scale Mail Armor
темный Шакал
4:54 Loom
9:58 Feudal Age
12:37 Horse Collar
22:01 Castle Age
19:51 Double-Bit Axe
20:18 Forging
21:01 Bloodlines
21:52 Wheelbarrow
21:50 Scale Barding Armor
24:29 Husbandry
29:14 Town Watch
31:57 Wheelbarrow
32:49 Bow Saw
34:38 Hand Cart
35:46 Heavy Plow
36:28 Iron Casting
37:51 Town Patrol
Connection lost

Rejoining the realm…

Still unreachable

The connection could not be restored.

Session expired

The server has moved on; the page needs a fresh start.